Map: Graystone Ravine

Players

NVPGaLaxY

  • Race: Protoss Protoss
  • Spawn Location: 3:00

DesperateLve

  • Race: Protoss Protoss
  • Spawn Location: 5:00

Nyck - Winner!

  • Race: Terran Terran
  • Spawn Location: 11:00

Ekelpack - Winner!

  • Race: Zerg Zerg
  • Spawn Location: 9:00

VOD

Have the link to the VOD?

Description

Time

  • Played on: Sept. 11, 2024, 3:13 p.m.
  • Length: 12:57
Show
View Real Time Build Order
Export as new Build Order

NVPGaLaxY Protoss 

Build Orders:  

Get SALT Encoding   

  12  0:01  Probe  
  13  0:13  Probe  
  14  0:25  Pylon  
  14  0:26  Probe  
  15  0:43  Probe  
  15  0:48  Gateway  
  16  0:52  Assimilator  
  16  0:55  Probe (Chrono Boost)  
  17  0:58  Assimilator  
  17  1:06  Probe (Chrono Boost)  
  17  1:11  Probe (Chrono Boost)  
  19  1:22  Probe (Chrono Boost)  
  20  1:27  Probe (Chrono Boost)  
  21  1:33  Pylon  
  21  1:36  Probe  
  22  1:40  Cybernetics Core  
  22  2:05  Nexus  
  22  2:20  Stargate  
  22  2:25  Stargate  
  22  3:01  Probe (Chrono Boost)  
  27  3:10  Void Ray  
  31  3:16  Void Ray  
  31  3:18  Probe (Chrono Boost)  
  32  3:22  Probe (Chrono Boost)  
  32  3:27  Probe (Chrono Boost)  
  34  3:30  Probe (Chrono Boost)  
  34  3:34  Probe (Chrono Boost)  
  34  3:44  Probe (Chrono Boost)  
  40  3:56  Probe (Chrono Boost)  
  40  4:00  Void Ray (Chrono Boost)  
  40  4:01  Probe (Chrono Boost)  
  41  4:09  Void Ray (Chrono Boost)  
  45  4:11  Probe  
  46  4:34  Pylon x2  
  46  4:52  Probe  
  51  4:58  Void Ray  
  55  5:10  Void Ray  
  55  5:28  Assimilator  
  55  5:30  Assimilator  
  35  6:14  Nexus  
  32  6:31  Void Ray  
  32  6:34  Forge  
  32  6:38  Pylon  
  32  6:39  Pylon  
  31  7:07  Void Ray  
  35  7:14  Void Ray, Photon Cannon  
  35  7:15  Photon Cannon  
  39  7:17  Photon Cannon  
  39  7:20  Photon Cannon  
  35  7:23  Photon Cannon  
  35  7:47  Photon Cannon  
  35  7:48  Void Ray (Chrono Boost), Photon Cannon  
  35  7:50  Photon Cannon  
  39  7:52  Photon Cannon  
  43  7:59  Void Ray (Chrono Boost)  
  39  8:32  Photon Cannon  
  39  8:33  Photon Cannon  
  39  8:35  Photon Cannon  
  40  8:41  Probe (Chrono Boost)  
  40  8:51  Probe (Chrono Boost)  
  41  8:56  Probe (Chrono Boost)  
  42  9:07  Probe  
  43  9:13  Cybernetics Core  
  43  9:18  Pylon  
  43  9:19  Probe  
  44  9:33  Pylon  
  44  9:43  Fleet Beacon  
  52  9:49  Void Ray x2  
  52  10:02  Protoss Air Weapons Level 1 (Chrono Boost)  
  52  10:28  Protoss Air Armor Level 1 (Chrono Boost)  
  52  10:34  Pylon  
  52  10:40  Carrier x2  
  64  10:50  Stargate  
  64  11:30  Stargate  
  64  11:36  Stargate  
  64  11:39  Probe  
  71  11:51  Probe  
  72  12:03  Probe  
  73  12:37  Pylon  
  73  12:38  Pylon  
  73  12:40  Pylon  
Show
View Real Time Build Order
Export as new Build Order

DesperateLve Protoss 

Build Orders: 1 Gate Expand 

Get SALT Encoding   

  12  0:00  Probe  
  13  0:23  Probe  
  13  0:25  Pylon  
  14  0:35  Probe  
  15  0:48  Gateway  
  15  0:52  Probe  
  16  1:12  Nexus  
  16  1:15  Probe  
  17  1:22  Assimilator  
  17  1:33  Probe  
  18  1:40  Cybernetics Core  
  17  1:52  Probe (Chrono Boost)  
  18  1:55  Zealot  
  21  2:01  Probe (Chrono Boost)  
  21  2:12  Pylon  
  21  2:16  Probe  
  22  2:23  Adept  
  22  2:25  Probe  
  25  2:37  Probe  
  26  2:49  Probe  
  23  3:13  Adept  
  24  3:26  Twilight Council  
  24  3:28  Gateway  
  24  3:34  Probe (Chrono Boost)  
  25  3:38  Assimilator  
  25  3:43  Probe (Chrono Boost)  
  25  3:45  Shield Battery, Stalker  
  25  3:46  Pylon  
  28  3:52  Gateway  
  28  3:55  Probe (Chrono Boost)  
  30  4:04  Probe x2 (Chrono Boost)  
  30  4:07  Warp Gate (Chrono Boost)  
  30  4:09  Probe (Chrono Boost)  
  31  4:10  Robotics Facility, Probe  
  33  4:21  Probe  
  34  4:31  Probe, Pylon  
  34  4:37  Stalker  
  37  4:39  Stalker  
  37  4:44  Charge (Chrono Boost)  
  39  4:50  Pylon  
  39  5:02  Stalker  
  39  5:05  Stalker  
  43  5:14  Stalker  
  43  5:16  Probe  
  46  5:27  Forge  
  46  5:29  Probe  
  47  5:43  Stalker  
  47  5:44  Stalker  
  51  5:54  Stalker  
  53  6:00  Pylon  
  53  6:04  Photon Cannon  
  53  6:08  Pylon  
  53  6:09  Stalker, Blink (Chrono Boost)  
  55  6:28  Stalker  
  57  6:36  Assimilator  
  57  7:03  Stalker x2  
  57  7:06  Pylon  
  57  7:28  Pylon  
  57  7:31  Stalker  
  57  7:32  Stalker  
  57  7:36  Gateway  
  61  7:41  Gateway  
  61  7:43  Protoss Ground Weapons Level 1 (Chrono Boost)  
  61  8:00  Stalker x2  
  65  8:09  Pylon  
  64  8:25  Stalker x2  
  68  8:29  Probe  
  68  8:32  Gateway  
  69  8:35  Gateway  
  69  8:41  Probe  
  70  8:47  Stalker x2  
  74  8:53  Probe  
  75  9:04  Stalker  
  75  9:05  Probe  
  78  9:10  Pylon  
  78  9:24  Probe  
  78  9:25  Nexus  
  78  9:28  Stalker x2  
  78  9:29  Stalker  
  83  9:35  Protoss Ground Weapons Level 2 (Chrono Boost)  
  83  9:49  Stalker  
  85  9:54  Pylon  
  70  10:32  Pylon  
  70  10:35  Pylon  
  70  10:38  Pylon  
  70  10:40  Pylon  
  70  10:45  Pylon  
  70  10:46  Pylon  
  70  10:48  Probe (Chrono Boost)  
  71  10:50  Pylon  
  71  10:53  Pylon  
  69  11:06  Stalker x2  
  73  11:12  Stalker  
  75  11:21  Stalker  
  77  11:31  Probe  
  78  11:55  Stalker  
  64  12:31  Probe (Chrono Boost)  
  65  12:40  Probe (Chrono Boost)  
Show
View Real Time Build Order
Export as new Build Order

Nyck Terran - Winner!

Build Orders: Reaper Expand 

Get SALT Encoding   

  12  0:00  SCV  
  13  0:13  SCV  
  14  0:18  Supply Depot  
  14  0:25  SCV  
  15  0:40  SCV  
  15  0:41  Barracks  
  16  0:51  Refinery  
  16  0:52  SCV  
  16  0:55  Refinery  
  17  1:05  SCV  
  18  1:17  SCV  
  19  1:35  Reaper  
  20  1:55  Supply Depot  
  20  1:59  Orbital Command  
  20  2:03  Command Center  
  20  2:16  Barracks Tech Lab  
  20  2:23  Barracks  
  20  2:25  SCV  
  21  2:38  SCV  
  22  2:53  SCV  
  23  3:02  Marauder  
  23  3:05  SCV  
  26  3:17  SCV  
  27  3:22  SCV  
  27  3:24  Marauder  
  30  3:29  SCV  
  30  3:41  SCV  
  31  3:52  Marine  
  32  3:55  Barracks Reactor  
  32  3:58  Barracks  
  32  3:59  SCV  
  33  4:03  Orbital Command  
  33  4:10  Supply Depot  
  33  4:12  SCV  
  34  4:22  Refinery  
  34  4:25  Refinery  
  34  4:30  SCV x2  
  36  4:33  Supply Depot  
  36  4:42  SCV x2  
  38  4:46  Marine x2  
  38  4:48  Combat Shield  
  38  4:51  Barracks Reactor  
  40  4:54  SCV  
  40  4:55  Engineering Bay  
  40  4:56  SCV  
  40  4:57  Supply Depot  
  42  5:07  SCV  
  43  5:08  SCV  
  43  5:11  Marine  
  43  5:12  Marine  
  43  5:13  Marauder  
  39  5:45  SCV x2  
  41  5:57  SCV  
  41  5:58  SCV  
  41  5:59  Command Center  
  41  6:00  Marine x4  
  41  6:03  Terran Infantry Weapons Level 1  
  47  6:07  Stimpack  
  47  6:09  SCV, Engineering Bay  
  48  6:14  Factory  
  48  6:15  SCV  
  49  6:21  SCV, Marine x2  
  49  6:22  Marine  
  49  6:23  Marine  
  54  6:27  SCV  
  55  6:34  SCV  
  55  6:38  Command Center  
  55  6:39  SCV  
  57  6:42  Marine x2  
  57  6:43  Marine x2  
  57  6:46  SCV  
  62  6:59  Supply Depot, SCV x2  
  62  7:00  Armory  
  64  7:03  Terran Infantry Armor Level 1  
  64  7:08  Starport  
  64  7:11  SCV x2  
  66  7:17  Marine  
  66  7:18  Marine x3  
  66  7:19  Marauder  
  72  7:28  SCV x2  
  74  7:39  Marine x4  
  74  7:40  SCV x2  
  74  7:41  Marauder  
  82  7:44  Starport Reactor  
  82  7:46  Concussive Shells  
  82  7:52  SCV x2  
  82  7:53  Refinery  
  82  7:54  Orbital Command  
  84  8:00  Terran Infantry Weapons Level 2  
  84  8:04  SCV x2  
  86  8:09  Marine x3, Marauder  
  91  8:14  SCV  
  91  8:16  SCV x2  
  91  8:19  Supply Depot  
  94  8:29  SCV x2  
  96  8:35  Refinery  
  96  8:38  SCV  
  98  8:42  Supply Depot  
  98  8:44  Marine  
  98  8:45  Marine x3  
  98  8:48  Marauder  
  103  8:51  Planetary Fortress  
  103  8:54  Refinery  
  103  8:58  SCV x2  
  103  8:59  SCV  
  103  9:00  Terran Infantry Armor Level 2  
  106  9:04  Terran Vehicle And Ship Armor Level 1  
  106  9:06  Supply Depot  
  106  9:17  Barracks  
  106  9:21  Medivac x2  
  110  9:27  SCV x3  
  113  9:41  Marine  
  113  9:42  Marine x3, Command Center  
  113  9:43  Marauder  
  119  9:47  SCV x3  
  122  9:54  SCV  
  122  9:59  SCV x2, Marine x3  
  126  10:00  Marine  
  129  10:08  Barracks  
  129  10:09  SCV x2  
  129  10:11  SCV x2  
  133  10:17  Viking x2  
  133  10:19  Marine x2  
  133  10:20  Marine  
  140  10:25  Supply Depot  
  140  10:34  SCV x4, Marine, Marauder  
  147  10:46  SCV  
  147  10:47  Supply Depot, Viking x2  
  152  10:59  Barracks  
  152  11:11  Supply Depot  
  152  11:15  SCV x3  
  155  11:22  SCV  
  156  11:25  Refinery  
  156  11:28  SCV x2  
  156  11:29  SCV  
  156  11:30  Marine x2  
  156  11:31  Marine x2  
  156  11:32  Marauder  
  165  11:33  Supply Depot  
  165  11:35  Viking x2  
  169  11:46  SCV x3  
  172  11:56  Supply Depot  
  172  12:15  SCV x2  
  156  12:20  Supply Depot  
  154  12:26  Command Center  
  154  12:35  Marine x4  
  160  12:42  Supply Depot  
  160  12:52  Barracks Reactor x3  
Show
View Real Time Build Order
Export as new Build Order

Ekelpack Zerg - Winner!

Build Orders: Hatch First 

Get SALT Encoding   

  12  0:00  Drone  
  13  0:13  Overlord  
  13  0:17  Drone  
  14  0:31  Drone x2  
  16  0:51  Hatchery  
  15  1:05  Spawning Pool  
  15  1:07  Drone  
  15  1:12  Drone  
  15  1:14  Drone  
  15  1:17  Extractor  
  16  1:22  Drone  
  17  1:30  Overlord  
  17  1:43  Drone  
  18  1:56  Drone, Queen  
  21  2:02  Drone  
  21  2:06  Drone  
  21  2:07  Queen  
  25  2:16  Drone  
  25  2:18  Overlord  
  26  2:28  Drone  
  27  2:35  Drone  
  28  2:41  Lair  
  28  2:43  Extractor  
  27  2:51  Drone  
  28  2:52  Drone x2  
  28  2:53  Drone  
  31  3:01  Overlord  
  31  3:10  Drone  
  32  3:14  Drone x3, Extractor  
  34  3:20  Drone x3  
  34  3:21  Drone  
  34  3:22  Overlord  
  38  3:35  Drone  
  38  3:39  Drone  
  40  3:46  Spire  
  39  3:50  Extractor  
  39  3:54  Drone x4  
  42  3:58  Overlord  
  42  4:01  Overlord x2  
  42  4:03  Drone  
  43  4:14  Drone  
  44  4:57  Mutalisk x5  
  44  4:58  Mutalisk x7  
  68  5:00  Zerg Flyer Weapons Level 1  
  68  5:01  Mutalisk  
  68  5:03  Mutalisk  
  70  5:36  Mutalisk x3  
  70  5:37  Zergling x2  
  70  5:38  Zergling x8  
  81  5:45  Overlord  
  81  5:46  Hatchery, Overlord x2  
  80  6:24  Mutalisk x5  
  90  6:26  Overlord x2  
  90  6:33  Mutalisk x5  
  100  6:55  Overlord x2  
  100  7:03  Drone x6  
  100  7:04  Drone x4  
  110  7:29  Mutalisk x2  
  110  7:30  Mutalisk x4  
  110  7:34  Zerg Flyer Weapons Level 2  
  122  7:39  Queen, Extractor  
  122  7:41  Extractor  
  122  8:09  Zergling x8  
  122  8:10  Zergling x16  
  122  8:11  Zergling x2  
  135  8:25  Mutalisk x5  
  143  8:44  Drone x2  
  143  8:46  Metabolic Boost  
  145  8:51  Infestation Pit  
  144  8:55  Evolution Chamber x2  
  144  8:57  Overlord x3  
  144  8:58  Overlord x3  
  144  9:01  Queen  
  144  9:03  Hatchery  
  144  9:05  Drone x2  
  144  9:06  Drone  
  146  9:10  Overlord  
  146  9:11  Overlord x4  
  146  9:16  Overlord  
  144  9:31  Hive  
  144  9:50  Zerg Flyer Armor Level 1, Mutalisk x5  
  144  9:51  Mutalisk x3  
  160  10:13  Mutalisk x5  
  158  10:27  Mutalisk x3  
  165  10:28  Zergling x6  
  165  10:29  Zergling x10  
  172  10:58  Adrenal Glands  
  172  11:41  Mutalisk x3  
  172  11:42  Zergling x4  
  172  11:43  Zergling x14  
  172  11:44  Zergling x16  
  172  11:45  Zergling x8  
Tags
 
Add a new tag
Caveats
  • Supply blocks, unpowered buildings, or Contaminate may cause inaccurate times.
  • Supply counts are checked every 10 seconds.